 Dungeon Crawl Stone Soup version 0.30-a0-930-gb9d0489357 (webtiles) character file.

Game seed: 7237807057484249434

32 Esekla the Sneak (level 3, -2/26 HPs)
             Began as an Octopode Delver on Mar 23, 2023.
             Slain by a crimson imp (4 damage)
             ... on level 5 of the Dungeon.
             The game lasted 00:03:42 (219 turns).

Esekla the Sneak (Octopode Delver)                   Turns: 219, Time: 00:03:43

Health: -2/26      AC:  1    Str: 11    XL:     3   Next: 27%
Magic:  3/3        EV: 13    Int: 14    God:
Gold:   12         SH:  0    Dex: 13    Spells: 2/2 levels left

rFire   . . .      SeeInvis .    a - +0 falchion
rCold   . . .      Faith    .    (no shield)
rNeg    . . .      Spirit   .    (helmet restricted)
rPois   .          Reflect  .    (no amulet)
rElec   .          Rampage  .    (no ring)
rCorr   .                        (no ring)
Will    .....                    (no ring)
Stlth   ++++                     (no ring)
HPRegen 0.24/turn                (no ring)
MPRegen 0.08/turn                (no ring)
                                 (no ring)
                                 (no ring)

@: no status effects
A: almost no armour, amphibious, 8 rings, camouflage 1, gelatinous body 1,
(nimble swimmer 1), tentacles
a: no special abilities


You were on level 5 of the Dungeon.
You visited 1 branch of the dungeon, and saw 1 of its levels.

You collected 12 gold pieces.

Inventory:

Hand Weapons
 a - a +0 falchion (weapon)
 c - a +0 spear
Wands
 f - a wand of digging (3)
Scrolls
 b - a scroll of fog
Potions
 e - a potion of haste


   Skills:
 * Level 3.1 Fighting
 * Level 2.2 Long Blades
 * Level 2.1 Dodging
 + Level 7.0 Stealth
 * Level 0.3 Spellcasting
 * Level 0.5 Conjurations
 * Level 0.4 Necromancy
 * Level 0.4 Transmutations
 * Level 0.4 Air Magic
 * Level 0.5 Poison Magic


You had 2 spell levels left.
You didn't know any spells.
Your spell library was empty.

Dungeon Overview and Level Annotations

Branches:
Dungeon (5/15)
 Temple: D:4-7

Altars:
Ru
Xom

Shops:
D:5 :*

Portals:
Sewer: D:5


Innate Abilities, Weirdness & Mutations

You cannot wear most types of armour.
You are amphibious.
You can wear up to eight rings at the same time.
Your skin changes colour to match your surroundings (Stealth+).
Your rubbery body absorbs attacks. (AC +1, EV +1)
((You are camouflaged when in or above water. (Stealth+)))
You have tentacles for arms and can constrict up to eight enemies at once.


Message History

You closely miss the hound. Your grab misses the hound.
You constrict the giant cockroach. The hound closely misses you.
The hound bites you. The giant cockroach barely misses you.
You hit the hound but do no damage. You grab the hound.
You constrict the giant cockroach. You constrict the hound.
The hound closely misses you. The giant cockroach misses you.
The hound closely misses you.
The crimson imp blinks!
The giant cockroach barely misses you.
You hit the hound.
The hound is moderately wounded.
You constrict the giant cockroach.
You kill the giant cockroach!
You constrict the hound. The hound bites you. The hound barely misses you.
You hit the hound.
The hound is severely wounded.
You constrict the hound. The hound closely misses you.
The hound bites you but does no damage.
You barely miss the hound.
The hound is severely wounded.
You constrict the hound. The hound bites you. The crimson imp misses you.
You hit the crimson imp but do no damage.
You grab the crimson imp. You constrict the crimson imp.
You constrict the hound. The hound bites you.
* * * LOW HITPOINT WARNING * * *
The crimson imp barely misses you. The hound bites you.
* * * LOW HITPOINT WARNING * * *
Okay, then.
You hit the hound.
You kill the hound!
You constrict the crimson imp. The crimson imp closely misses you. x2
Your Stealth skill increases to level 7!
You have reached level 2!
You have reached level 3!
Your experience leads to an increase in your attributes!
Increase (S)trength, (I)ntelligence, or (D)exterity?
You feel clever. x2
You hit the crimson imp.
The crimson imp is heavily wounded.
You constrict the crimson imp. The crimson imp hits you.
You die...

*,* #.....#####*##*,... #.*
#......+._#..+,,... #.*
#...#..#..#.,*,,#.. #.*
#...#..#...,,*,,*,, *****
##.###.######...,,**##**
,,,,****##...##...#.....,,,,..#,,
,,,,,..##.....#.......###**..,,,,
,**,,..........†.5.##.#.##.#*****
,**,*#.......##.@..........#
,**,*..#...#..#########.####
,,,,,..~~~~~...# ##.##
,,,,,#~~~~~~~#.# ##...##
**,*,.~~~~~~~~.#* #.###.#
*,,,.~~~∩~~~...* #.# *.#
*,*,.~~~~~~~.,.# ##.###.#
*,*,*~~~~~~~#..####.....########
**,,,,,~~~~~....+.....(..........


You could see a crimson imp.

Vanquished Creatures
  A hound (D:5)
  A giant cockroach (D:5)
2 creatures vanquished.

Notes
Turn   | Place    | Note
-------+----------+-------------------------------------------
     0 | D:5      | Esekla the Octopode Delver began the quest for the Orb.
     0 | D:5      | Reached XP level 1. HP: 16/16 MP: 1/1
    60 | D:5      | Found Qaykkonic's Book Emporium.
    79 | D:5      | Found Neurriuv's Mass Market.
   102 | D:5      | Found a shimmering altar of Xom.
   103 | D:5      | Noticed a crimson imp
   103 | D:5      | Noticed a crimson imp
   103 | D:5      | Noticed a black bear
   103 | D:5      | Noticed a crimson imp
   193 | D:5      | Found a sacrificial altar of Ru.
   201 | D:5      | Found a glowing drain.
   202 | D:5      | Noticed a hound
   218 | D:5      | Killed a hound
   219 | D:5      | Reached skill level 7 in Stealth
   219 | D:5      | Reached XP level 2. HP: 2/21 MP: 2/2
   219 | D:5      | Reached XP level 3. HP: 2/26 MP: 3/3
   219 | D:5      | Slain by a crimson imp

Illustrated notes

Levels and vault maps discovered:
D:5:      layout_loops_corners, hangedman_ru_absence, led_xom_imps,
          cheibrodos_sewer_entry_drain, serial_shops, nicolae_shop_waterfront,
          nrook_campfire, minmay_shop_mass

Skill      XL: |  1 |
---------------+----+-----
Stealth        | 7 |  7.0
Fighting       | |  3.1
Long Blades    | |  2.2
Dodging        | |  2.1
Spellcasting   | |  0.3
Conjurations   | |  0.5
Necromancy     | |  0.4
Transmutations | |  0.4
Air Magic      | |  0.4
Poison Magic   | |  0.5

Action                     || total
---------------------------++-------
  Melee: Falchion          ||    11
         Constrict         ||     3
    Use: Scroll            ||     2
 Armour: Skin              ||     2
  Dodge: Dodged            ||    17

Table legend: (Time is in decaauts)
 A = Elapsed time spent in this place.
 B = Non-inter-level travel time spent in this place.
 C = Inter-level travel time spent in this place.
 D = Time resting spent in this place.
 E = Time spent auto-exploring this place.
 F = Levels seen in this place.
 G = Mean time per level.
                   A        B        C        D        E       F      G
               +--------+--------+--------+--------+--------+-----+--------+
         Total |    221 |    221 |      0 |      0 |      0 |   1 |  221.0 |
       Dungeon |    221 |    221 |      0 |      0 |      0 |   1 |  221.0 |
               +--------+--------+--------+--------+--------+-----+--------+

Top non-repeatable levels by time:
     D:5: 221 daAuts
